% Time on Ice - RENO LIONS
Lines # - Real PCT - Wanted PCT - Time Play
Normal Forward
1 - 39% - 36% - 15:37
2 - 31% - 31% - 12:27
3 - 21% - 23% - 8:29
4 - 10% - 10% - 3:53
Normal Defense
1 - 40% - 36% - 16:21
2 - 33% - 34% - 13:12
3 - 25% - 24% - 10:08
4 - 2% - 6% - 0:45
PP Forward
1 - 62% - 55% - 3:40
2 - 38% - 45% - 2:16
PP Defense
1 - 62% - 55% - 3:42
2 - 38% - 45% - 2:14
PK Forward
1 - 58% - 55% - 7:56
2 - 42% - 45% - 5:41
PK Defense
1 - 59% - 55% - 7:59
2 - 41% - 45% - 5:38
PK3 Forward
1 - 0% - 55%
2 - 0% - 45%
PK3 Defense
1 - 0% - 55%
2 - 0% - 45%
44 Forward
1 - 0% - 55% - 0:00
2 - 100% - 45% - 0:01
44 Defense
1 - 100% - 55% - 0:01
2 - 0% - 45% - 0:00
Last Minute Offensive  - 0:00
Last Minute Defensive  - 0:00
Total
Forward - 60:00
Defense - 60:00
% Time on Ice - SALEM BLACK JAYS
Lines # - Real PCT - Wanted PCT - Time Play
Normal Forward
1 - 35% - 36% - 14:16
2 - 30% - 31% - 12:14
3 - 23% - 23% - 9:29
4 - 11% - 10% - 4:27
Normal Defense
1 - 34% - 36% - 13:48
2 - 33% - 31% - 13:13
3 - 30% - 23% - 12:01
4 - 3% - 10% - 1:24
PP Forward
1 - 48% - 55% - 6:34
2 - 52% - 45% - 7:03
PP Defense
1 - 55% - 55% - 7:31
2 - 45% - 45% - 6:06
PK Forward
1 - 63% - 55% - 3:44
2 - 37% - 45% - 2:12
PK Defense
1 - 60% - 55% - 3:32
2 - 40% - 45% - 2:24
PK3 Forward
1 - 0% - 55%
2 - 0% - 45%
PK3 Defense
1 - 0% - 55%
2 - 0% - 45%
44 Forward
1 - 100% - 55% - 0:01
2 - 0% - 45% - 0:00
44 Defense
1 - 0% - 55% - 0:00
2 - 100% - 45% - 0:01
Last Minute Offensive  - 0:00
Last Minute Defensive  - 0:00
Total
Forward - 60:00
Defense - 60:00
Play-by-Play 1st period 0:01 of 1st period - Dylan Larkin wins face-off versus Elias Pettersson in neutral zone. 0:07 of 1st period - Dylan Larkin is hit by Brady Skjei and loses puck. 0:47 of 1st period - Icing by Elias Pettersson. 0:48 of 1st period - Dylan Strome wins face-off versus Mathew Barzal in RENO LIONS zone. 2:14 of 1st period - Shot by Daniel Sprong. 2:14 of 1st period - Stopped by Stuart Skinner with a rebound. 2:40 of 1st period - Shot by Mitchell Marner. 2:40 of 1st period - Stopped by Stuart Skinner without a rebound. 2:41 of 1st period - Dylan Larkin wins face-off versus Trent Frederic in RENO LIONS zone. 3:02 of 1st period - Shot by Trent Frederic. 3:02 of 1st period - Stopped by Anthony Stolarz without a rebound. 3:03 of 1st period - Alex Steeves wins face-off versus Mathew Barzal in SALEM BLACK JAYS zone. 3:47 of 1st period - Shot by Martin Necas. 3:47 of 1st period - Stopped by Stuart Skinner without a rebound. 3:48 of 1st period - Dylan Cozens wins face-off versus Trent Frederic in RENO LIONS zone. 3:51 of 1st period - Shot by Derek Grant. 3:51 of 1st period - Shot Misses the Net. 3:53 of 1st period - Shot by Dylan Cozens. 3:53 of 1st period - Shot Misses the Net. 3:57 of 1st period - Shot by Dylan Cozens. 3:57 of 1st period - Stopped by Stuart Skinner without a rebound. 3:58 of 1st period - Elias Pettersson wins face-off versus Josh Archibald in RENO LIONS zone. 4:29 of 1st period - Shot by Dylan Strome. 4:29 of 1st period - Shot Misses the Net. 4:31 of 1st period - Shot by Ethan Bear. 4:31 of 1st period - Stopped by Anthony Stolarz without a rebound. 4:32 of 1st period - Dylan Larkin wins face-off versus Trent Frederic in SALEM BLACK JAYS zone. 4:41 of 1st period - Shot by Mitchell Marner. 4:41 of 1st period - Stopped by Stuart Skinner without a rebound. 4:42 of 1st period - Dylan Larkin wins face-off versus Pierre-Luc Dubois in RENO LIONS zone. 4:51 of 1st period - Shot by Mikko Rantanen. 4:51 of 1st period - Shot Blocked by Brady Skjei. 4:53 of 1st period - Shot by Joshua Morrissey. 4:53 of 1st period - Goal by Joshua Morrissey - RENO LIONS : 0 - SALEM BLACK JAYS : 1. 4:54 of 1st period - Dylan Cozens wins face-off versus Trent Frederic in neutral zone. 4:57 of 1st period - Juuso Valimaki is hit by Maxime Comtois and loses puck. 5:04 of 1st period - Shot by Derek Grant. 5:04 of 1st period - Stopped by Stuart Skinner without a rebound. 5:05 of 1st period - Dylan Larkin wins face-off versus Max Domi in RENO LIONS zone. 5:19 of 1st period - Shot by Mitchell Marner. 5:19 of 1st period - Stopped by Stuart Skinner without a rebound. 5:20 of 1st period - Dylan Cozens wins face-off versus Trent Frederic in RENO LIONS zone. 5:21 of 1st period - Shot by Derek Grant. 5:21 of 1st period - Stopped by Stuart Skinner without a rebound. 5:22 of 1st period - Trent Frederic wins face-off versus Dylan Cozens in RENO LIONS zone. 5:22 of 1st period - Trent Frederic is hit by Maxime Comtois. 5:59 of 1st period - Shot by Nicholas Ritchie. 5:59 of 1st period - Stopped by Anthony Stolarz with a rebound. 6:05 of 1st period - Shot by Joshua Morrissey. 6:05 of 1st period - Shot Misses the Net. 6:22 of 1st period - Barrett Hayton is hit by Trevor van Riemsdyk and loses puck. 6:26 of 1st period - Icing by Brady Skjei. 6:27 of 1st period - Dylan Larkin wins face-off versus Elias Pettersson in RENO LIONS zone. 6:55 of 1st period - Mitchell Marner is hit by Trevor van Riemsdyk. 7:02 of 1st period - Mitchell Marner is hit by Trevor van Riemsdyk and loses puck. 7:18 of 1st period - Minor Penalty to Brady Skjei for Slashing. 7:19 of 1st period - Dylan Larkin wins face-off versus Trent Frederic in RENO LIONS zone. 7:30 of 1st period - Shot by Joshua Morrissey. 7:30 of 1st period - Shot Misses the Net. 7:57 of 1st period - Icing by Nick Jensen. 7:58 of 1st period - Dylan Larkin wins face-off versus Pierre-Luc Dubois in SALEM BLACK JAYS zone. 8:06 of 1st period - Shot by Joshua Morrissey. 8:06 of 1st period - Stopped by Stuart Skinner without a rebound. 8:07 of 1st period - Mathew Barzal wins face-off versus Trent Frederic in RENO LIONS zone. 8:40 of 1st period - Shot by Mathew Barzal. 8:40 of 1st period - Shot Misses the Net. 8:42 of 1st period - Shot by Mitchell Marner. 8:42 of 1st period - Stopped by Stuart Skinner without a rebound. 8:43 of 1st period - Pierre-Luc Dubois wins face-off versus Barrett Hayton in RENO LIONS zone. 9:52 of 1st period - Shot by Daniel Sprong. 9:52 of 1st period - Stopped by Stuart Skinner with a rebound. 11:06 of 1st period - Shot by Anthony-John Greer. 11:06 of 1st period - Shot Misses the Net. 11:08 of 1st period - Shot by Ethan Bear. 11:08 of 1st period - Stopped by Anthony Stolarz with a rebound. 11:14 of 1st period - Shot by Anthony-John Greer. 11:14 of 1st period - Shot Hit the Post. 11:20 of 1st period - Shot by Anthony-John Greer. 11:20 of 1st period - Shot Misses the Net. 11:43 of 1st period - Icing by Scott Mayfield. 11:44 of 1st period - Trent Frederic wins face-off versus Mathew Barzal in SALEM BLACK JAYS zone. 11:51 of 1st period - Shot by Nicholas Ritchie. 11:51 of 1st period - Shot Misses the Net. 12:04 of 1st period - Shot by Nicholas Ritchie. 12:04 of 1st period - Deflect By Trent Frederic. 12:04 of 1st period - Goal by Trent Frederic - RENO LIONS : 1 - SALEM BLACK JAYS : 1. 12:05 of 1st period - Elias Pettersson wins face-off versus Dylan Larkin in neutral zone. 12:05 of 1st period - Elias Pettersson is hit by Mikko Rantanen. 12:33 of 1st period - Shot by Kirill Kaprizov. 12:33 of 1st period - Stopped by Anthony Stolarz without a rebound. 12:34 of 1st period - Dylan Cozens wins face-off versus Pierre-Luc Dubois in SALEM BLACK JAYS zone. 12:53 of 1st period - Shot by Dylan Cozens. 12:53 of 1st period - Shot Blocked by Dante Fabbro. 12:55 of 1st period - Shot by Dylan Cozens. 12:55 of 1st period - Shot Blocked by Ethan Bear. 12:57 of 1st period - Shot by Colin Miller. 12:57 of 1st period - Shot Blocked by Ethan Bear. 13:09 of 1st period - Shot by Dylan Cozens. 13:09 of 1st period - Stopped by Stuart Skinner without a rebound. 13:10 of 1st period - Dylan Larkin wins face-off versus Trent Frederic in RENO LIONS zone. 13:18 of 1st period - Icing by Trevor van Riemsdyk. 13:19 of 1st period - Dylan Larkin wins face-off versus Trent Frederic in RENO LIONS zone. 14:36 of 1st period - Shot by Daniel Sprong. 14:36 of 1st period - Shot Blocked by Ethan Bear. 14:38 of 1st period - Shot by Matt Benning. 14:38 of 1st period - Stopped by Stuart Skinner with a rebound. 14:40 of 1st period - Shot by Matt Benning. 14:40 of 1st period - Stopped by Stuart Skinner with a rebound. 14:42 of 1st period - Shot by Matt Benning. 14:42 of 1st period - Goal by Matt Benning - RENO LIONS : 1 - SALEM BLACK JAYS : 2. 14:43 of 1st period - Mathew Barzal wins face-off versus Dylan Strome in neutral zone. 15:01 of 1st period - Shot by Kirill Kaprizov. 15:01 of 1st period - Stopped by Anthony Stolarz without a rebound. 15:02 of 1st period - Pierre-Luc Dubois wins face-off versus Dylan Cozens in SALEM BLACK JAYS zone. 15:02 of 1st period - Max Domi is hit by Nick Jensen and loses puck. 15:38 of 1st period - Minor Penalty to Dante Fabbro for Roughing. 15:39 of 1st period - Mathew Barzal wins face-off versus Trent Frederic in RENO LIONS zone. 16:02 of 1st period - Shot by Mathew Barzal. 16:02 of 1st period - Shot Blocked by Mattias Samuelsson. 17:07 of 1st period - Icing by Dylan Larkin. 17:08 of 1st period - Pierre-Luc Dubois wins face-off versus Dylan Larkin in SALEM BLACK JAYS zone. 17:39 of 1st period - Shot by Elias Pettersson. 17:39 of 1st period - Shot Misses the Net. 17:41 of 1st period - Shot by Trevor van Riemsdyk. 17:41 of 1st period - Shot Blocked by Matt Benning. 17:45 of 1st period - Shot by Kirill Kaprizov. 17:45 of 1st period - Shot Misses the Net. 17:47 of 1st period - Shot by Trevor van Riemsdyk. 17:47 of 1st period - Stopped by Anthony Stolarz without a rebound. 17:48 of 1st period - Dylan Cozens wins face-off versus Dylan Strome in SALEM BLACK JAYS zone. 18:17 of 1st period - Derek Grant is hit by Brady Skjei and loses puck. 18:31 of 1st period - Dylan Cozens is hit by Trevor van Riemsdyk and loses puck. 18:39 of 1st period - Icing by Trevor van Riemsdyk. 18:40 of 1st period - Elias Pettersson wins face-off versus Mathew Barzal in RENO LIONS zone. 18:47 of 1st period - Matt Benning is hit by Kirill Kaprizov and loses puck. 19:11 of 1st period - Max Domi is hit by Colin Miller and loses puck. 19:16 of 1st period - Shot by Max Domi. 19:16 of 1st period - Shot Misses the Net. 19:18 of 1st period - Shot by Pierre-Luc Dubois. 19:18 of 1st period - Stopped by Anthony Stolarz without a rebound. 19:19 of 1st period - Dylan Larkin wins face-off versus Trent Frederic in SALEM BLACK JAYS zone. 19:32 of 1st period - Shot by Dylan Larkin. 19:32 of 1st period - Deflect By Mikko Rantanen. 19:32 of 1st period - Shot Blocked by Ethan Bear. 19:34 of 1st period - Shot by Nick Jensen. 19:34 of 1st period - Shot Misses the Net. 19:36 of 1st period - Shot by Mitchell Marner. 19:36 of 1st period - Stopped by Stuart Skinner without a rebound. 19:37 of 1st period - Dylan Cozens wins face-off versus Alex Steeves in RENO LIONS zone. Goals for this period are 1 for RENO LIONS vs 2 for SALEM BLACK JAYS. Shots for this period are 9 for RENO LIONS vs 17 for SALEM BLACK JAYS. 2nd period 0:01 of 2nd period - Dylan Larkin wins face-off versus Pierre-Luc Dubois in neutral zone. 0:43 of 2nd period - Shot by Max Domi. 0:43 of 2nd period - Shot Misses the Net. 0:46 of 2nd period - Icing by Joshua Morrissey. 0:47 of 2nd period - Elias Pettersson wins face-off versus Dylan Larkin in SALEM BLACK JAYS zone. 1:20 of 2nd period - Shot by Kirill Kaprizov. 1:20 of 2nd period - Stopped by Anthony Stolarz with a rebound. 1:22 of 2nd period - Shot by Dylan Strome. 1:22 of 2nd period - Shot Blocked by Cody Ceci. 1:24 of 2nd period - Shot by Dylan Strome. 1:24 of 2nd period - Shot Misses the Net. 1:26 of 2nd period - Shot by Dylan Strome. 1:26 of 2nd period - Deflect By Elias Pettersson. 1:26 of 2nd period - Shot Blocked by Cody Ceci. 1:28 of 2nd period - Shot by Ethan Bear. 1:28 of